 Dungeon Crawl Stone Soup version 0.18.1-48-g4cf74bf (webtiles) character file.

52 Implojin the Chopper (level 3, 0/31 HPs)
             Began as a Minotaur Berserker on June 29, 2016.
             Was a Follower of Trog.
             Splashed by a jelly's acid (10 damage)
             ... on level 5 of the Dungeon.
             The game lasted 00:01:15 (242 turns).

Implojin the Chopper (Minotaur Berserker)            Turns: 242, Time: 00:01:15

Health: 0/31       AC:  2    Str: 21    XL:     3   Next: 60%
Magic:  2/2        EV: 12    Int:  4    God:    Trog [*.....]
Gold:   53         SH:  0    Dex: 10    Spells: 0 memorised, 2 levels left

rFire  . . .     SeeInvis .     a - +0 hand axe
rCold  . . .     Gourm    .     b - +0 animal skin
rNeg   . . .     Faith    .     (no shield)
rPois  .         Spirit   .     (helmet restricted)
rElec  .         Dismiss  .     (no cloak)
rCorr  .         Reflect  .     (no gloves)
SustAt .         Harm     .     (no boots)
MR     .....                    (no amulet)
Stlth  +.........               (no ring)
                                (no ring)

@: not resistant to hostile enchantments, very unstealthy
A: retaliatory headbutt, horns 2
a: Berserk, Burn Spellbooks, Renounce Religion


You were on level 5 of the Dungeon.
You worshipped Trog.
Trog was aware of your devotion.
You were not hungry.

You visited 1 branch of the dungeon, and saw 4 of its levels.

You collected 53 gold pieces.

Inventory:

Hand Weapons
 a - a +0 hand axe (weapon)
Armour
 b - a +0 animal skin (worn)
Scrolls
 e - a scroll of remove curse {unknown}
 h - a scroll of identify {unknown}
 i - a scroll of enchant armour {unknown}
 j - 2 scrolls of teleportation {unknown}
Potions
 d - 2 potions of heal wounds {unknown}
Comestibles
 c - a bread ration
 f - a meat ration
 g - 3 chunks of flesh


   Skills:
 - Level 3.6 Fighting
 * Level 5.6 Axes
 - Level 2.4 Armour
 - Level 2.1 Dodging


You had 2 spell levels left.
You didn't know any spells.

Dungeon Overview and Level Annotations

Branches:
Dungeon (5/15)             Temple (0/1) D:4

Altars:
Trog


Innate Abilities, Weirdness & Mutations

You reflexively headbutt those who attack you in melee.
You have a pair of horns on your head.


Message History

The worker ant poisons you!
Unknown command.
You slash the worker ant!
You kill the worker ant!
Trog accepts your kill.
You feel sick.
You see here a worker ant corpse.
You feel a strong urge to attack something.
You feel sick.
You feel your anger subside.
You are no longer berserk.
You are exhausted.
You feel yourself slow down.
You now have 53 gold pieces (gained 8).
You feel sick.
You see here a worker ant corpse.
You butcher the worker ant corpse.
You feel sick.
g - 3 chunks of flesh (gained 2) Unknown command.
You start resting.
You feel sick. x3
You are no longer poisoned.
You start resting.
You feel yourself speed up.
Found a scroll labeled CUREILITUI.
A jackal zombie comes into view.
You feel less exhausted.
You see here a scroll labeled CUREILITUI.
j - 2 scrolls labeled CUREILITUI (gained 1)
You slash the jackal zombie!
The jackal zombie bites you but does no damage.
You hit the jackal zombie.
You destroy the jackal zombie!
Found a small onyx ring.
Found 14 gold pieces.
A jelly comes into view.
The jelly quivers.
Found a stone staircase leading down.
The jelly hits you.
* * * LOW HITPOINT WARNING * * *
You are splashed with acid!
The acid burns!
You die...

.... ... ############ ...
#=.....$.>.# ...
#..........# #.# #
#..........# ####.# ..
#..........# ##....#
#.##..J@# #..##<#
##....##.# ###.##..#
.........########...##.##
####........#....###..##
#.#####....#####....# #.
#.............# .
#.#####.......# . #.#
#.##..### .# #.# #.#..##


You could see a jelly.

Vanquished Creatures
  A worker ant (D:5)
  2 adders (D:2)
  A dart slug (D:2)
  2 bats (D:2)
  A hobgoblin (D:1)
  A kobold (D:2)
  A giant newt (D:2)
  A jackal zombie (D:5)
  2 rats (D:2)
12 creatures vanquished.

Notes
Turn   | Place    | Note
--------------------------------------------------------------
     0 | D:1      | Implojin the Minotaur Berserker began the quest for the Orb.
     0 | D:1      | Reached XP level 1. HP: 19/19 MP: 0/0
    59 | D:2      | Reached skill level 4 in Axes
    70 | D:2      | Found a bloodstained altar of Trog.
    93 | D:2      | Reached XP level 2. HP: 26/26 MP: 1/1
    98 | D:2      | Reached skill level 5 in Axes
   129 | D:2      | Reached XP level 3. HP: 8/31 MP: 2/2
   136 | D:2      | You fall through a shaft for 2 floors!
   142 | D:4      | Found a staircase to the Ecumenical Temple.
   178 | D:5      | Entered Level 5 of the Dungeon
   242 | D:5      | Splashed by a jelly's acid

Skill      XL: |  1  2 |
---------------+-------+-----
Axes           | 4 5 |  5.6
Fighting       | |  3.6
Armour         | |  2.4
Dodging        | |  2.1

Action                   || total
-------------------------++-------
Melee: Hand axe          ||    20
Invok: Berserk           ||     2
Armor: Animal skin       ||    10
Dodge: Dodged            ||    17

Table legend:
 A = Turns spent in this place as a percentage of turns spent in the entire game.
 B = Non-inter-level travel turns spent in this place as a percentage of non-inter-level travel turns spent in the entire game.
 C = Inter-level travel turns spent in this place as a percentage of turns spent in this place.
 D = Turns resting spent in this place as a percentage of non-inter-level travel turns spent in this place.
 E = Turns spent auto-exploring this place as a percentage of non-inter-level travel turns spent in this place.
 F = Non-inter-level travel turns spent in this place divided by the number of levels of this place that you've seen.
                   A       B       C       D       E      F
               +-------+-------+-------+-------+-------+----------------------
         Total | 100.0 | 100.0 |   0.0 |   2.6 |   0.0 |  57.8
       Dungeon | 100.0 | 100.0 |   0.0 |   2.6 |   0.0 |  57.8
               +-------+-------+-------+-------+-------+----------------------

Table legend:
 A = Kills in this place as a percentage of kills in entire the game.
 B = Kills by you in this place as a percentage of kills by you in the entire game.
 C = Kills by friends in this place as a percentage of kills by friends in the entire game.
 D = Other kills in this place as a percentage of other kills in the entire game.
 E = Experience gained in this place as a percentage of experience gained in the entire game.
 F = Experience gained in this place divided by the number of levels of this place that you have seen.
                   A       B       C       D       E      F
               +-------+-------+-------+-------+-------+----------------------
         Total | 100.0 | 100.0 |  -nan |  -nan | 100.0 |  18.8
       Dungeon | 100.0 | 100.0 |  -nan |  -nan | 100.0 |  18.8
               +-------+-------+-------+-------+-------+----------------------
